 Dungeon Sprint DCSS version 0.31-a0-844-gdc52ec4e09 (webtiles) character file.

Game seed: 784066997268908523

0 sircluck the Ruffian (level 1, -1/22 HPs)
             Began as a Troll Berserker on Sept 28, 2023.
             Was a Follower of Trog.
             Slain by an orc
             ... wielding a +0 trident
             ... led by an orc knight
              (7 damage)
             ... in the Dungeon (Sprint VII: "The Pits").
             The game lasted 00:00:03 (52 turns).

sircluck the Ruffian (Troll Berserker)                Turns: 52, Time: 00:00:04

Health: -1/22      AC:  4    Str: 24    XL:     1   Next: 8%
Magic:  0/0        EV: 10    Int:  3    God:    Trog [*.....]
Gold:   0          SH:  0    Dex:  9    Spells: 0/0 levels left

rFire   . .          .
                       - Unarmed
rCold   . . .        (no shield)
rNeg    . . .        a - +0 animal skin
rPois   .            (helmet restricted)
rElec   .            (no cloak)
rCorr   .            (gloves unavailable)
SInv    .            (boots unavailable)
Will    .....        (no amulet)
Stlth   +            (no ring)
HPRegen 1.03/turn    (no ring)
MPRegen 0.07/turn

%: no teleportation
@: no status effects
A: large, unfitting armour, claws 3, regeneration 1, shaggy fur 1, tough skin 1
a: Renounce Religion, Berserk


You were in the Dungeon.
You worshipped Trog.
Trog was aware of your devotion.
You visited 1 branch

Inventory:

Armour
 a - a +0 animal skin (worn)
Scrolls
 g - a scroll of blinking
Potions
 b - a potion of curing
 c - a potion of heal wounds
 d - a potion of haste
 e - 2 potions of magic
 f - a potion of berserk rage


   Skills:
 + Level 2.5 Fighting
 + Level 2.5 Dodging
 + Level 3.1 Unarmed Combat


You couldn't memorise any spells.
You didn't know any spells.
Your spell library was empty.

Dungeon Overview and Level Annotations

Branches:
Dungeon (1/1)

Altars:


Innate Abilities, Weirdness & Mutations

You are too large for most types of armour.
You have claws for hands.
Your natural rate of healing is unusually fast.
You are covered in fur. (AC +1)
You have tough skin. (AC +1)


Message History

Welcome, sircluck the Troll Berserker. [Dungeon Sprint] Trog says: Kill them all!
Press ? for a list of commands and other information.
Found a staircase leading out of the dungeon.
You open the door.
There is an open door to the Entrance Hall (Safe) here.
You open the door.
A rat comes into view.
The rat bites you.
There is an open door to the Storerooms (Easy) here.
You closely miss the rat. You closely miss the rat. The rat barely misses you.
You scratch the rat.
You kill the rat!
Trog accepts your kill.
You see here a rat corpse.
You see here a rat corpse.
There is an open door to the Storerooms (Easy) here.
You open the huge gate.
An orc comes into view. It is wielding a +0 trident.
The orc shouts!
You hear a shout! x2; You hear a screech!
An orc knight comes into view. It is wielding a +0 dire flail.
The orc knight shouts!
The orc knight unwields a +0 dire flail.
The orc knight wields a +0 arbalest.
The orc knight shoots a bolt.
The bolt hits you!
Ouch! That really hurt!
* * * LOW HITPOINT WARNING * * *
There is a huge open gate leading to the Armoury (Hard), spattered with blood here.
An ogre and an orange demon come into view.
The ogre shouts!
The orange demon screeches!
You hear a howl!
The orc hits you from afar with a +0 trident!
You die...

########++###### ###
...............# ..#
.....#..#......##..#
...............''..#
...............'@..#
.....#..#......##.....4O
...............# .o...o.
##'#####++###### #######
......# ......# ......#
..<...# ......#


You could see an orc knight, an orange demon, an ogre and an orc.

Vanquished Creatures
  A rat (D)
1 creature vanquished.

Notes
Turn   | Place    | Note
-------+----------+-------------------------------------------
     0 | D        | sircluck the Troll Berserker began the quest for the Orb.
     0 | D        | Reached XP level 1. HP: 22/22 MP: 0/0
    51 | D        | Noticed an orc knight
    52 | D        | Noticed an ogre
    52 | D        | Noticed an orange demon
    52 | D        | Slain by an orc

Illustrated notes

Levels and vault maps discovered:
D:        pitsprint [storerooms_1, entrance_room_1, metal_vault_2, armoury_2,
          mini_pit_1, grid_room_1, main_hall_1, silver_pit, the_coven_3,
          the_vestibule_1, steel_vault_2, golden_pit, hallway_of_sentries,
          crystal_vault_3, iron_vault_3, final_vault]

Action                     || total
---------------------------++-------
  Melee: Unarmed           ||     3
 Armour: Animal skin       ||     3
  Dodge: Dodged            ||     1

Table legend: (Time is in decaauts)
 A = Elapsed time spent in this place.
 B = Non-inter-level travel time spent in this place.
 C = Inter-level travel time spent in this place.
 D = Time resting spent in this place.
 E = Time spent auto-exploring this place.
 F = Levels seen in this place.
 G = Mean time per level.
                   A        B        C        D        E       F      G
               +--------+--------+--------+--------+--------+-----+--------+
         Total |     51 |     51 |      0 |      0 |      0 |   1 |   51.0 |
       Dungeon |     51 |     51 |      0 |      0 |      0 |   1 |   51.0 |
               +--------+--------+--------+--------+--------+-----+--------+

Top non-repeatable levels by time:
       D: 51 daAuts
